 Dungeon Crawl Stone Soup version 0.31-a0-963-ga325b2283a (webtiles) character file.

Game seed: 5200487134505645064

214 LeprechaunX the Changeling (level 5, -1/34 HPs)
             Began as an Octopode Shapeshifter on Oct 24, 2023.
             Slain by a killer bee (7 damage)
             ... on level 4 of the Dungeon.
             The game lasted 00:04:23 (2709 turns).

LeprechaunX the Changeling (Octopode Shapeshifter)  Turns: 2709, Time: 00:04:23

Health: -1/34      AC:  1    Str: 15    XL:     5   Next: 91%
Magic:  5/5        EV: 11    Int: 13    God:
Gold:   186        SH:  7    Dex: 11    Spells: 4/4 levels left

rFire   . .          .
                       - Unarmed
rCold   . . .        g - +0 kite shield
rNeg    . . .        (helmet currently unavailable)
rPois   .            (no amulet)
rElec   .            (no ring)
rCorr   .            (no ring)
SInv    .            (no ring)
Will    .....        (no ring)
Stlth   ++           (no ring)
HPRegen 0.25/turn    (no ring)
MPRegen 0.09/turn    (no ring)
                     (no ring)

%: no passive effects
@: beast-form
A: beast (slay +2), almost no armour, amphibious, 8 rings, camouflage 1,
gelatinous body 1, (nimble swimmer 1), tentacles
a: Begin Untransformation


You were on level 4 of the Dungeon.
You were a hulking beast.
You visited 1 branch of the dungeon, and saw 4 of its levels.
You also visited: Sewer.

You collected 186 gold pieces.

Inventory:

Missiles
 s - 6 boomerangs
Armour
 g - a +0 kite shield (worn)
Talismans
 b - a beast talisman
 c - a flux talisman
Wands
 t - a wand of charming (5)
Scrolls
 d - a scroll of vulnerability {unknown}
 e - a scroll of poison {unknown}
 f - a scroll of fear {unknown}
 h - 4 scrolls of identify {unknown}
 i - 2 scrolls of revelation {unknown}
 l - a scroll of acquirement {unknown}
 m - 2 scrolls of noise {unknown}
 o - a scroll of brand weapon {unknown}
 p - a scroll of silence {unknown}
 r - a scroll of teleportation {unknown}
 u - a scroll of enchant armour {unknown}
 v - a scroll of blinking {unknown}
Potions
 a - a potion of lignification
 j - a potion of curing {unknown}
 k - a potion of mutation {unknown}
 n - 2 potions of brilliance {unknown}
 q - 4 potions of heal wounds
 w - 2 potions of enlightenment
 x - a potion of might {unknown}


   Skills:
 + Level 2.3 Fighting
 + Level 3.0 Dodging
 + Level 1.8 Shields
 + Level 3.6 Unarmed Combat
 * Level 4.3 Shapeshifting


You had 4 spell levels left.
You didn't know any spells.
Your spell library contained the following spells:

 Spells                   Type           Power      Damage    Failure   Level
 Apportation              Tloc           0%         N/A       71%         1
 Jinxbite                 Hex            0%         N/A       83%         2
 Summon Lightning Spire   Summ/Air       0%         N/A       100%        4
 Alistair's Intoxication  Tmut/Pois      0%         N/A       100%        5
 Lee's Rapid Deconstruct  Erth           0%         3d4*      100%        5
 Animate Armour           Summ/Erth      Unusable   N/A       N/A         4

Dungeon Overview and Level Annotations

Branches:
Dungeon (4/15)              Sewer (visited)
 Temple: D:4-7

Altars:

Shops:
D:1 =


Innate Abilities, Weirdness & Mutations

You are a hulking beast.
Your limbs bulge with bestial killing power. (Slay +2)
You cannot wear most types of armour.
You are amphibious.
You can wear up to eight rings at the same time.
Your skin changes colour to match your surroundings (Stealth+).
Your rubbery body absorbs attacks. (AC +1, EV +1)
((You are camouflaged when in or above water. (Stealth+)))
You have tentacles for arms and can constrict up to eight enemies at once.


Message History

A goblin comes into view. It is wielding a +0 dagger.
A goblin is nearby!
A goblin is nearby!
A goblin is nearby!
The goblin unwields a +0 dagger.
The goblin wields a +0 sling.
The goblin shoots a sling bullet.
The sling bullet closely misses you.
The goblin unwields a +0 sling.
The goblin wields a +0 dagger.
You block the goblin's attack.
You closely miss the goblin. You grab the goblin. You squeeze the goblin.
You kill the goblin!
No target in view!
No target in view!
x - a silvery potion A killer bee comes into view.
The killer bee buzzes angrily.
You hear an angry buzzing noise. x3
A killer bee comes into view. x2
There are monsters nearby!
There are monsters nearby!
There are monsters nearby!
You closely miss the killer bee. Your grab misses the killer bee.
Your tentacle-slap misses the killer bee.
Your squeeze misses the killer bee. You block the killer bee's attack.
The killer bee stings you!
A killer bee comes into view.
Unknown command.
The killer bee attacks as it pursues you!
The killer bee closely misses you. You block the killer bee's attack.
The killer bee barely misses you. You block the killer bee's attack.
The killer bee attacks as it pursues you!
You block the killer bee's attack.
The killer bee attacks as it pursues you!
The killer bee stings you. You block the killer bee's attack.
The killer bee stings you!
The killer bee attacks as it pursues you!
The killer bee stings you!
* * * LOW HITPOINT WARNING * * *
The killer bee closely misses you. x2
The killer bee attacks as it pursues you!
You block the killer bee's attack. The killer bee stings you!
You die...

..........###### .....#
....#........#.##........
#...#..........##....##...
##.........................
.....##.......................
.....##...#..................#
.....##.###.................#
## ...#....#
#####.............#..#
#..###.## #.hyy.............
#.##....# ###yy.............
#####)..# #...............
#...# ##.............. #####
#......##...... ####.### y..##
### .## #


You could see 4 killer bees.

Vanquished Creatures
  A kobold brigand (Sewer)
  A hound (D:3)
  An iguana (D:4)
  An adder (D:4)
  2 river rats (Sewer)
  A worm (D:4)
  2 endoplasms
  A giant cockroach (D:3)
  7 goblins
  13 hobgoblins
  3 jackals
  3 quokkas
  4 ball pythons
  A bat (D:3)
  2 frilled lizards (D:3)
  9 kobolds
  7 rats
59 creatures vanquished.

Notes
Turn   | Place    | Note
-------+----------+-------------------------------------------
     0 | D:1      | LeprechaunX the Octopode Shapeshifter began the quest for
                  | the Orb.
     0 | D:1      | Reached XP level 1. HP: 13/13 MP: 1/1
   420 | D:1      | Found Ilel's Jewellery Shop.
   457 | D:1      | Reached XP level 2. HP: 18/18 MP: 2/2
  1164 | D:2      | Reached XP level 3. HP: 20/23 MP: 3/3
  1414 | D:3      | Reached skill level 1 in Shields
  1414 | D:3      | Reached XP level 4. HP: 22/29 MP: 4/4
  2267 | D:4      | Found a glowing drain.
  2273 | D:4      | Reached XP level 5. HP: 24/34 MP: 5/5
  2320 | Sewer    | Entered a sewer
  2335 | Sewer    | Reached skill level 4 in Shapeshifting
  2433 | Sewer    | Noticed a kobold brigand
  2443 | Sewer    | Killed a kobold brigand
  2533 | Sewer    | Found a white marble altar of Elyvilon.
  2709 | D:4      | Slain by a killer bee

Illustrated notes

Levels and vault maps discovered:
D:1:      dpeg_arrival_solitude, layout_loops_cross, serial_shops,
          nicolae_shop_trees, nicolae_figureground_pulse
D:2:      layout_loops_cross, minmay_goblin_kobold_house
D:3:      layout_basic
D:4:      layout_cave_pools, minmay_temple_entry_antechambers,
          portal_sewer_entry_d

Skill      XL: |  1  2  3  4  5 |
---------------+----------------+-----
Shields        | 1 |  1.8
Fighting       | 2 |  2.3
Shapeshifting  | 4 |  4.3
Dodging        | 3 |  3.0
Unarmed Combat | |  3.6

Action                     |  1- 3 |  4- 6 || total
---------------------------+-------+-------++-------
  Melee: Unarmed           |    52 |    67 ||   119
         Constrict         |    13 |    20 ||    33
         Tentacles         |     8 |    16 ||    24
         Punch             |     1 |     2 ||     3
   Stab: Sleeping          |     7 |     7 ||    14
 Armour: Skin              |    14 |    27 ||    41
  Dodge: Dodged            |    14 |    25 ||    39
  Block: Kite shield       |    11 |    24 ||    35

Table legend: (Time is in decaauts)
 A = Elapsed time spent in this place.
 B = Non-inter-level travel time spent in this place.
 C = Inter-level travel time spent in this place.
 D = Time resting spent in this place.
 E = Time spent auto-exploring this place.
 F = Levels seen in this place.
 G = Mean time per level.
                   A        B        C        D        E       F      G
               +--------+--------+--------+--------+--------+-----+--------+
         Total |   2724 |   2575 |    149 |     41 |   2061 |   5 |  544.8 |
       Dungeon |   2452 |   2303 |    149 |     41 |   1832 |   4 |  613.0 |
         Sewer |    272 |    272 |      0 |      0 |    229 |   1 |  272.0 |
               +--------+--------+--------+--------+--------+-----+--------+

Top non-repeatable levels by time:
     D:3: 845 daAuts
     D:2: 774 daAuts
     D:1: 583 daAuts
   Sewer: 272 daAuts
     D:4: 249 daAuts
